 Dungeon Crawl Stone Soup version 0.24-a0-584-g9d6b971ae4 (webtiles) character file.

Game seed: 5341874911803667316, levelgen mode: deterministic

1057 Eightlegvermin the Changer (level 8, 0/48 HPs)
             Began as an Octopode Transmuter on Aug 31, 2019.
             Was an Initiate of Gozag.
             Slain by Grinder (6 damage)
             ... on level 5 of the Dungeon.
             The game lasted 00:27:49 (7080 turns).

Eightlegvermin the Changer (Octopode Transmuter)    Turns: 7080, Time: 00:27:49

Health: 0/48       AC:  1    Str:  9    XL:     8   Next: 26%
Magic:  7/11       EV: 14    Int: 15    God:    Gozag
Gold:   261        SH:  0    Dex: 15    Spells: 5/11 levels left

rFire    . . .     SeeInvis .     - Unarmed
rCold    . . .     Gourm    .   (no shield)
rNeg     . . .     Faith    .   (helmet restricted)
rPois    .         Spirit   .   (no amulet)
rElec    .         Reflect  .   (no ring)
rCorr    .         Harm     .   (no ring)
MR       .....                  (no ring)
Stlth    +++.......             (no ring)
HPRegen  0.16/turn              (no ring)
MPRegen  0.12/turn              (no ring)
                                (no ring)
                                (no ring)

@: appendage
A: almost no armour, stealthy swim, amphibious, 8 rings, constrict 8, tentacle
spike 3, camouflage 1, gelatinous body 1
a: End Transformation, Potion Petition, Call Merchant, Bribe Branch, Renounce
Religion


You were on level 5 of the Dungeon.
You worshipped Gozag.
Gozag was aware of your devotion.
You were not hungry.
One of your tentacles had a temporary spike.
You visited 2 branches of the dungeon, and saw 6 of its levels.

You collected 304 gold pieces.
You paid 43 gold pieces to Gozag.

Inventory:

Hand Weapons
 q - a +0 fustibalus
Missiles
 a - 46 arrows
 e - 7 datura-tipped darts (quivered)
 p - 15 poisoned darts
Jewellery
 l - an uncursed ring of protection from fire
Wands
 f - a wand of paralysis (7)
Scrolls
 h - 2 scrolls of immolation
 m - a scroll of magic mapping {unknown}
 n - a scroll of remove curse
 o - 2 scrolls of identify
Potions
 d - a potion of cancellation
 g - 2 potions of lignification
 i - 2 potions of flight
 j - 3 potions of agility {unknown}
 k - 2 potions of curing
Comestibles
 c - 3 rations


   Skills:
 - Level 1.0 Fighting
 - Level 2.1 Dodging
 - Level 3.0 Stealth
 + Level 6.3 Unarmed Combat
 - Level 2.0 Spellcasting
 * Level 7.1 Transmutations
 - Level 2.0 Poison Magic


You had 5 spell levels left.
You knew the following spells:

 Your Spells              Type           Power        Failure   Level  Hunger
a - Beastly Appendage     Tmut           ###...       1%          1    #......
b - Sticks to Snakes      Tmut           ###.....     1%          2    ###....
c - Spider Form           Tmut/Pois      ###.......   10%         3    ###....

Your spell library contained the following spells:

 Spells                   Type           Power        Failure   Level  Hunger
 Blade Hands              Tmut           ###.......   32%         5    ######.
 Ice Form                 Ice/Tmut       ##......     45%         4    #####..


Dungeon Overview and Level Annotations

Branches:
Dungeon (5/15)             Temple (1/1) D:4

Altars:
Cheibriados
Dithmenos
Elyvilon
Fedhas
Gozag
Kikubaaqudgha
Makhleb
Okawaru
Trog
Vehumet
Xom
The Shining One

Annotations:
D:1 exclusion: downstairs
D:3 1 runed translucent door, exclusion: oklob plant, skumtomte's ghost, amateur TeCj
D:5 Grinder


Innate Abilities, Weirdness & Mutations

You cannot wear most types of armour.
You are very stealthy in the water. (Stealth+)
You are amphibious.
You can wear up to eight rings at the same time.
You can use your tentacles to constrict eight enemies at once.
Your skin changes colour to match your surroundings (Stealth+).
Your rubbery body absorbs attacks. (AC +1, EV +1)
One of your tentacles bears a large vicious spike.


Message History

Grinder is moderately wounded.
You constrict Grinder. The gnoll closely misses you. Grinder misses you.
Casting: Sticks to Snakes (safe; 1% risk of failure)
Confirm with . or Enter, or press ? or * to list all spells.
One of your tentacles grows a vicious spike.
You constrict Grinder.
The gnoll hits you from afar with a +0 spear.
* * * LOW HITPOINT WARNING * * *
Grinder misses you.
You tentacle-slap Grinder.
You pierce Grinder.
Grinder is heavily wounded.
You constrict Grinder.
The gnoll hits you from afar with a +0 spear.
* * * LOW HITPOINT WARNING * * *
Grinder says, "Don't move a muscle."
Grinder hits you.
* * * LOW HITPOINT WARNING * * *
You writhe in agony.
You die...
Your body crumbles into a pile of gold.

.# #.# #...
...# ## #.#
###.....#
#.# .....#
#.# ....
#.# ....
#.### ...
#...# ###5#
?.. #@# .<
#.# .5 #g#
##. #g# .J
#.# .# ##.
#.##.#.....
#..$g...#
####g#.....
g# #..


You could see Grinder and 2 gnolls.

Vanquished Creatures
  A sky beast (D:5)
  An ogre (D:5)
  A centaur (D:5)
  A scorpion (D:5)
  A howler monkey (D:4)
  4 orc priests
  A bullfrog skeleton (D:5)
  A hound (D:4)
  A centaur skeleton (D:4)
  9 orc wizards
  A worker ant (D:4)
  Robin (D:4)
  7 gnolls
  An adder (D:3)
  An ooze (D:1)
  An adder zombie (D:5)
  5 worms
  A dart slug (D:1)
  5 leopard geckos
  18 orcs
  2 giant cockroaches (D:1)
  16 goblins
  9 hobgoblins
  6 jackals
  2 quokkas
  5 ball pythons
  A ball python skeleton (D:4)
  5 bats
  3 frilled lizards
  9 kobolds
  6 rats
126 creatures vanquished.

Vanquished Creatures (others)
  A plant (D:4)
  24 toadstools (D:3)
25 creatures vanquished.

Grand Total: 151 creatures vanquished

Notes
Turn   | Place    | Note
-------+----------+-------------------------------------------
     0 | D:1      | Eightlegvermin the Octopode Transmuter began the quest for
                  | the Orb.
     0 | D:1      | Reached XP level 1. HP: 13/13 MP: 3/3
   261 | D:1      | Reached XP level 2. HP: 18/18 MP: 3/5
   284 | D:1      | Reached skill level 1 in Stealth
   820 | D:1      | Reached XP level 3. HP: 23/23 MP: 4/6
  1184 | D:2      | Learned a level 2 spell: Sticks to Snakes
  1188 | D:2      | Learned a level 3 spell: Spider Form
  1421 | D:2      | Found a snail-covered altar of Cheibriados.
  1566 | D:2      | Noticed a phantom
  1666 | D:1      | Reached XP level 4. HP: 5/28 MP: 5/7
  2215 | D:2      | Reached skill level 3 in Transmutations
  2900 | D:2      | Found a burning altar of Makhleb.
  3532 | D:3      | Found a bloodstained altar of Trog.
  3538 | D:3      | Reached XP level 5. HP: 25/33 MP: 8/8
  3898 | D:3      | Found a runed translucent door.
  3898 | D:3      | Noticed skumtomte's ghost (amateur TeCj)
  4310 | D:3      | Found an ancient bone altar of Kikubaaqudgha.
  4510 | D:3      | Found a blossoming altar of Fedhas.
  4528 | D:3      | Noticed an oklob plant
  4984 | D:4      | Reached skill level 4 in Transmutations
  4984 | D:4      | Reached XP level 6. HP: 32/38 MP: 3/9
  5061 | D:4      | Found a glowing golden altar of the Shining One.
  5287 | D:4      | Reached skill level 1 in Poison Magic
  5510 | D:4      | Reached skill level 5 in Unarmed Combat
  5723 | D:4      | Reached skill level 5 in Transmutations
  5723 | D:4      | Reached XP level 7. HP: 18/43 MP: 10/10
  6131 | D:4      | Noticed Robin
  6136 | D:4      | Killed Robin
  6527 | D:4      | Found a staircase to the Ecumenical Temple.
  6532 | Temple   | Entered the Ecumenical Temple
  6550 | Temple   | Became a worshipper of Gozag Ym Sagoz the Greedy
  6597 | D:5      | Entered Level 5 of the Dungeon
  6626 | D:5      | Found a shimmering altar of Xom.
  6690 | D:5      | Reached skill level 6 in Transmutations
  7002 | D:5      | Reached XP level 8. HP: 47/48 MP: 5/11
  7056 | D:5      | Noticed Grinder
  7071 | D:5      | Reached skill level 7 in Transmutations
  7080 | D:5      | Slain by Grinder

Levels and vault maps discovered:
D:1:      wheals_arrival_linesprint, layout_basic, minivault_4
D:2:      layout_loops_cross, cheibriados_altar_1, old_standard_altar,
          first_ration
D:3:      layout_rooms, lemuel_round_altar, tgw_fedhas,
          overflow_temple_1_default, gammafunk_ghost_grave, serial_bayou_ford_a
D:4:      layout_basic, minmay_temple_entry_gardened_gates, tso_metal_star,
          uniq_robin
D:5:      layout_loops_cross, kennysheep_little_box,
          gammafunk_temple_overflow_pools, uniq_duvessa, uniq_grinder
Temple:   chequers_temple_sunken

Skill      XL: |  1  2  3  4  5  6  7  8 |
---------------+-------------------------+-----
Stealth        | 2 3 |  3.0
Transmutations | 3 4 5 6 7 |  7.1
Unarmed Combat | 4 5 6 |  6.3
Poison Magic   | 2 |  2.0
Fighting       | |  1.0
Dodging        | |  2.1
Spellcasting   | |  2.0

Action                   |  1- 3 |  4- 6 |  7- 9 || total
-------------------------+-------+-------+-------++-------
Melee: Unarmed           |    86 |   153 |    99 ||   338
       Kick              |    19 |    33 |    19 ||    71
       Tentacles         |    12 |    21 |    23 ||    56
       Constrict         |    25 |    31 |    23 ||    79
       Punch             |     1 |     1 |     3 ||     5
 Cast: Beastly Appendage |    23 |    21 |     9 ||    53
       Spider Form       |       |     5 |     3 ||     8
       Sticks to Snakes  |       |       |     1 ||     1
Evoke: Wand              |       |     2 |       ||     2
  Use: Scroll            |       |     9 |     3 ||    12
       Potion            |       |       |     2 ||     2
 Stab: Sleeping          |     7 |     1 |     4 ||    12
       Paralysed         |       |     2 |       ||     2
  Eat: Chunk             |     3 |    11 |     2 ||    16
       Ration            |       |     1 |     1 ||     2
Armor: Skin              |     6 |     3 |     3 ||    12
Dodge: Dodged            |    51 |    75 |    43 ||   169

Table legend:
 A = Non-vault XP
 B = Vault XP
 C = Vault XP percentage of total XP
 D = Non-vault monster count
 E = Vault monster count
 F = Vault count percentage of total count
                 A         B        C        D         E       F
            +---------+---------+-------+---------+---------+-------
      Total |    1482 |      28 |   1.9 |     118 |       8 |   6.3
            +---------+---------+-------+---------+---------+-------
        D:1 |      53 |       0 |   0.0 |      20 |       0 |   0.0
        D:2 |      81 |       0 |   0.0 |      28 |       0 |   0.0
        D:3 |     153 |       0 |   0.0 |      26 |       0 |   0.0
        D:4 |     608 |      28 |   4.4 |      26 |       8 |  23.5
        D:5 |     587 |       0 |   0.0 |      18 |       0 |   0.0
            +---------+---------+-------+---------+---------+-------
